 Dungeon Crawl Stone Soup version 0.29.1-2-gbd0b4ee654 (webtiles) character file.

Game seed: 10370141920940251311

11 xian the Trooper (level 2, -1/28 HPs)
             Began as a Naga Abyssal Knight on Nov 25, 2022.
             Was a Believer of Lugonu.
             Slain by a jackal (3 damage)
             ... on level 1 of the Dungeon.
             The game lasted 00:00:49 (161 turns).

xian the Trooper (Naga Abyssal Knight)               Turns: 161, Time: 00:00:49

Health: -1/28      AC:  2    Str: 15    XL:     2   Next: 29%
Magic:  3/3        EV:  9    Int: 10    God:    Lugonu [**....]
Gold:   9          SH:  0    Dex: 11    Spells: 1/1 levels left

rFire   . . .      SeeInvis +   a - +1 hand axe
rCold   . . .      Faith    .   (no shield)
rNeg    . . .      Spirit   .   b - +0 leather armour
rPois   +          Reflect  .   (no helmet)
rElec   .          Harm     .   (no cloak)
rCorr   .          Rampage  .   (no gloves)
Will    .....                   (no barding)
Stlth   +.........              (no amulet)
HPRegen 0.09/turn               (no ring)
MPRegen 0.08/turn               (no ring)

@: very slow
A: AC +0, large, see invisible, deformed body, poison resistance, slowness 2,
spit poison 1, naga tail 1
a: Spit Poison, Renounce Religion, Depart the Abyss, Bend Space


You were on level 1 of the Dungeon.
You worshipped Lugonu.
Lugonu was pleased with you.
You visited 1 branch of the dungeon, and saw 1 of its levels.
You visited the Abyss 1 time.

You collected 9 gold pieces.

Inventory:

Hand Weapons
 a - a +1 hand axe (weapon)
Armour
 b - a +0 leather armour (worn)
Potions
 c - a potion of magic {unknown}


   Skills:
 + Level 3.5 Fighting
 + Level 2.0 Axes
 + Level 1.6 Armour
 + Level 0.7 Dodging
 + Level 2.0 Invocations


You had one spell level left.
You didn't know any spells.
Your spell library was empty.

Dungeon Overview and Level Annotations

Branches:
Dungeon (1/15)

Altars:


Innate Abilities, Weirdness & Mutations

Your serpentine skin is tough. (AC +0)
You have supernaturally acute eyesight. (SInv)
Armour fits poorly on your strangely shaped body.
Your system is resistant to poisons. (rPois)
You cover ground very slowly.
You can spit poison.
You have a snake-like lower body.


Message History

The jackal bites you. The jackal barely misses you. The jackal bites you.
The jackal barely misses you. The jackal attacks as you move away!
The jackal closely misses you. The jackal bites you. x2
The jackal attacks as you move away! The jackal closely misses you.
The jackal bites you.
You see here a quokka corpse.
The goblin attacks as you move away! The goblin hits you but does no damage.
There is an open door here.
The splash of poison hits the jackal.
The jackal is poisoned.
The jackal is lightly wounded.
The goblin hits you with a +0 club.
The jackal bites you but does no damage.
The jackal bites you. The goblin attacks as you move away!
The goblin closely misses you.
You hit the jackal.
You kill the jackal!
Lugonu accepts your kill. The jackal bites you.
You hit the jackal.
You kill the jackal!
Lugonu accepts your kill. The jackal barely misses you.
You hit the jackal.
The jackal is lightly wounded.
You have got your breath back.
You barely miss the goblin. You closely miss the jackal. The jackal bites you.
The goblin hits you with a +0 club.
* * * LOW HITPOINT WARNING * * *
The jackal barely misses you. The goblin barely misses you.
Unknown command.
You barely miss the jackal. You hit the goblin. The jackal barely misses you.
The jackal closely misses you. The goblin hits you with a +0 club.
* * * LOW HITPOINT WARNING * * *
Unknown command.
The jackal bites you.
* * * LOW HITPOINT WARNING * * *
The jackal bites you.
You die...

###### ################## #....#
#...#.............# #####....#
#...#..............
.........######..................
..............#..............[...
..............#h................#
.............h†g@...............+
..............#...####..........#
..#####....##############.#######
....†......# #####.............#
.......########.......#######....
#.†.......###......###.......###.
..........##....###......<......#
..........##...#......#######....
..........# #.....### ###†.


You could see 2 jackals and a goblin.

Vanquished Creatures
  3 bats (D:1)
  An endoplasm (D:1)
  2 jackals (D:1)
  A quokka (D:1)
  A frilled lizard (D:1)
  2 rats (D:1)
10 creatures vanquished.

Notes
Turn   | Place    | Note
-------+----------+-------------------------------------------
     0 | Abyss:1  | xian the Naga Abyssal Knight began the quest for the Orb.
     0 | Abyss:1  | Reached XP level 1. HP: 21/21 MP: 2/2
    19 | Abyss:1  | Noticed a chaos spawn
    20 | D:1      | Escaped the Abyss
   117 | D:1      | Reached XP level 2. HP: 26/28 MP: 3/3
   161 | D:1      | Slain by a jackal

Illustrated notes

Levels and vault maps discovered:
D:1:      dpeg_arrival_oval, layout_basic, ebering_ecumenical_altar_box,
          minmay_crystal_room

Action                   || total
-------------------------++-------
Melee: Hand axe          ||    11
Invok: Depart the Abyss  ||     1
 Abil: Spit Poison       ||     6
Armor: Leather armour    ||     9
Dodge: Dodged            ||    20
